[Event "FRA-chT Top 12 2019"]
[Site "Brest"]
[Date "2019.05.26"]
[Round "9.6"]
[White "Iglesias, Joachim"]
[Black "Delorme, Axel"]
[Result "0-1"]
[ECO "A09"]
[WhiteElo "2276"]
[BlackElo "2489"]
[Annotator "ChessBase"]
[PlyCount "62"]
[EventDate "2019.05.18"]
[EventType "team-tourn"]
[EventCountry "FRA"]
[SourceTitle "playchess.com"]
[Source "ChessBase"]
[SourceQuality "1"]
[TimeControl "40/5400+30:1800+30"]

1. Nf3 d5 2. c4 d4 3. b4 Bg4 4. Qb3 c6 5. Bb2 Bxf3 6. Qxf3 e5 7. c5 a5 8. a3 Nf6 9. e3 axb4 10. axb4 Rxa1 11. Bxa1 Qd5 12. Qxd5 Nxd5 13. exd4 Nxb4 14. Kd1 exd4 15. Bxd4 Nd7 16. Bc4 f6 17. Re1+ Kd8 18. Be3 Bxc5 19. d4 Bd6 20. Nc3 Nb6 21. Bf7 N4d5 22. Ne4 Kc7 23. Nxd6 Kxd6 24. Kc2 Rf8 25. Bh5 Nxe3+ 26. fxe3 Nc4 27. e4 Ra8 28. Bf7 Na3+ 29. Kb2 Nb5 30. d5 c5 31. Re3 c4 0-1

[Event "FRA-chT Top 12 2019"]
[Site "Brest"]
[Date "2019.05.26"]
[Round "9.7"]
[White "Smith, Axel"]
[Black "Demuth, Adrien"]
[Result "1/2-1/2"]
[ECO "A13"]
[WhiteElo "2481"]
[BlackElo "2517"]
[Annotator "ChessBase"]
[PlyCount "92"]
[EventDate "2019.05.18"]
[EventType "team-tourn"]
[EventCountry "FRA"]
[SourceTitle "playchess.com"]
[Source "ChessBase"]
[SourceQuality "1"]
[TimeControl "40/5400+30:1800+30"]

1. Nf3 Nf6 2. c4 e6 3. g3 d5 4. Bg2 dxc4 5. Qa4+ Nbd7 6. Qxc4 a6 7. Qc2 c5 8. Nc3 Qc7 9. d4 b6 10. Bf4 Bd6 11. Bxd6 Qxd6 12. Nd2 Rb8 13. dxc5 Qxc5 14. O-O O-O 15. Rac1 Qe7 16. Rfd1 Bb7 17. Bxb7 Rxb7 18. Nde4 b5 19. Qd3 Nb6 20. Qd6 Qxd6 21. Nxf6+ gxf6 22. Rxd6 Rc8 23. Rcd1 Kg7 24. Rd8 Rc4 25. a3 b4 26. axb4 Rxb4 27. R1d4 Rxd4 28. Rxd4 Nd7 29. Na4 Ne5 30. Kf1 f5 31. Ke1 Nc6 32. Rc4 Ne5 33. Rc5 Rb4 34. Ra5 Nc4 35. Rxa6 Nxb2 36. Nxb2 Rxb2 37. f3 h6 38. Kf2 Rb3 39. h3 Rb5 40. Ra4 h5 41. g4 hxg4 42. hxg4 fxg4 43. Rxg4+ Kf6 44. Rf4+ Kg7 45. Rg4+ Kf6 46. Rf4+ Ke5 1/2-1/2

[Event "FRA-chT Top 12 2019"]
[Site "Brest"]
[Date "2019.05.26"]
[Round "9.7"]
[White "Loiseau, Quentin"]
[Black "Edouard, Romain"]
[Result "1/2-1/2"]
[ECO "B23"]
[WhiteElo "2471"]
[BlackElo "2642"]
[Annotator "ChessBase"]
[PlyCount "88"]
[EventDate "2019.05.18"]
[EventType "team-tourn"]
[EventCountry "FRA"]
[SourceTitle "playchess.com"]
[Source "ChessBase"]
[SourceQuality "1"]
[TimeControl "40/5400+30:1800+30"]

1. e4 c5 2. Nc3 g6 3. d4 cxd4 4. Qxd4 Nf6 5. Be2 Nc6 6. Qd2 Bg7 7. g4 d6 8. g5 Nd7 9. h4 Nc5 10. h5 O-O 11. f3 e6 12. b3 d5 13. exd5 exd5 14. Bb2 Bf5 15. O-O-O d4 16. Nb5 Ne6 17. hxg6 hxg6 18. Bc4 Qxg5 19. Qxg5 Nxg5 20. Nxd4 Nxd4 21. Bxd4 Rfd8 22. Be3 Rxd1+ 23. Kxd1 Rd8+ 24. Kc1 Bf6 25. a4 a6 26. Rh2 Kg7 27. Rg2 Ne6 28. Ne2 Be5 29. Ng3 Bh3 30. Rh2 Nf4 31. Rd2 Re8 32. Bd4 g5 33. Ne4 f6 34. Bxe5 Rxe5 35. Rd6 b5 36. axb5 axb5 37. Bd3 Nxd3+ 38. Rxd3 Bf5 39. Rd4 Bxe4 40. fxe4 Kg6 41. Kd2 Kh5 42. c4 bxc4 43. bxc4 Kg4 44. Kd3 f5 1/2-1/2

[Event "FRA-chT Top 12 2019"]
[Site "Brest"]
[Date "2019.05.26"]
[Round "9.7"]
[White "Guichard, Pauline"]
[Black "Adrian, Claude"]
[Result "1/2-1/2"]
[ECO "A05"]
[WhiteElo "2430"]
[BlackElo "2238"]
[Annotator "NA"]
[PlyCount "71"]
[EventDate "2019.05.18"]
[EventType "team-tourn"]
[EventCountry "FRA"]
[SourceTitle "playchess.com"]
[Source "ChessBase"]
[SourceQuality "1"]
[TimeControl "40/5400+30:1800+30"]

1. Nf3 Nf6 2. c4 c5 3. Nc3 e6 4. e4 Nc6 5. d4 cxd4 6. Nxd4 Bb4 7. Nxc6 bxc6 8. Bd3 e5 9. O-O O-O 10. Qe2 Qc7 11. Bg5 Be7 12. Rac1 d6 13. b4 Be6 14. Na4 Rae8 15. Rfe1 Nd7 16. Bxe7 Rxe7 17. c5 dxc5 18. Nxc5 Nxc5 19. Rxc5 Rd8 20. Bb5 Qb8 21. Rxc6 Bxa2 22. Rc5 Be6 23. Rec1 a6 24. Bxa6 Qxb4 25. h3 f6 26. Rc6 Bf7 27. Qg4 Qd2 28. Bb5 h5 29. Qf3 Qf4 30. Rc8 Rxc8 31. Rxc8+ Kh7 32. Qd3 h4 33. Bd7 Be6 34. Bxe6 Rxe6 35. Qd5 Re8 36. Rxe8 1/2-1/2

[Event "FRA-chT Top 12 2019"]
[Site "Brest"]
[Date "2019.05.26"]
[Round "9.7"]
[White "Giroyan, Gary"]
[Black "Koch, Jean-Rene"]
[Result "1/2-1/2"]
[ECO "D31"]
[WhiteElo "2409"]
[BlackElo "2465"]
[Annotator "ChessBase"]
[PlyCount "47"]
[EventDate "2019.05.18"]
[EventType "team-tourn"]
[EventCountry "FRA"]
[SourceTitle "playchess.com"]
[Source "ChessBase"]
[SourceQuality "1"]
[TimeControl "40/5400+30:1800+30"]

1. d4 d5 2. c4 e6 3. Nc3 Bb4 4. a3 Bxc3+ 5. bxc3 Ne7 6. e3 c5 7. Bd3 Nbc6 8. Nf3 b6 9. O-O O-O 10. Qe2 Ba6 11. cxd5 Bxd3 12. Qxd3 exd5 13. dxc5 bxc5 14. c4 dxc4 15. Qxc4 Qd5 16. Qc3 Rab8 17. Bb2 f6 18. Rac1 Rb3 19. Qc2 Rfb8 20. Ba1 Rxa3 21. e4 Qd3 22. Qxd3 Rxd3 23. Rxc5 Rbd8 24. e5 1/2-1/2

[Event "FRA-chT Top 12 2019"]
[Site "Brest"]
[Date "2019.05.26"]
[Round "9.7"]
[White "Colin, Vincent"]
[Black "Dornbusch, Tatiana"]
[Result "1-0"]
[ECO "A43"]
[WhiteElo "2383"]
[BlackElo "2285"]
[Annotator "NA"]
[PlyCount "59"]
[EventDate "2019.05.18"]
[EventType "team-tourn"]
[EventCountry "FRA"]
[SourceTitle "playchess.com"]
[Source "ChessBase"]
[SourceQuality "1"]
[TimeControl "40/5400+30:1800+30"]

1. d4 Nf6 2. Nf3 c5 3. d5 b5 4. Bg5 Qb6 5. Nc3 b4 6. Na4 Qa5 7. Bxf6 exf6 8. b3 Bd6 9. e4 O-O 10. Bd3 Re8 11. O-O Ba6 12. a3 bxa3 13. c4 Qb4 14. Ne1 Bc8 15. f4 Na6 16. e5 Bf8 17. exf6 d6 18. Nc2 Qxb3 19. Rxa3 Qb7 20. Bxh7+ Kxh7 21. Qh5+ Kg8 22. f5 Bxf5 23. Qxf5 Re5 24. Qh3 Nb4 25. Ne3 g6 26. Nf5 Qc8 27. Rg3 Rb8 28. Rxg6+ fxg6 29. f7+ Kxf7 30. Nxd6+ 1-0

[Event "FRA-chT Top 12 2019"]
[Site "Brest"]
[Date "2019.05.26"]
[Round "9.8"]
[White "Sebag, Marie"]
[Black "Riff, Vincent"]
[Result "1/2-1/2"]
[ECO "B29"]
[WhiteElo "2476"]
[BlackElo "2399"]
[Annotator "ChessBase"]
[PlyCount "22"]
[EventDate "2019.05.18"]
[EventType "team-tourn"]
[EventCountry "FRA"]
[SourceTitle "playchess.com"]
[Source "ChessBase"]
[SourceQuality "1"]
[TimeControl "40/5400+30:1800+30"]

1. e4 c5 2. Nf3 Nf6 3. e5 Nd5 4. c3 Nc6 5. d4 cxd4 6. cxd4 d6 7. Bc4 dxe5 8. dxe5 Be6 9. O-O g6 10. Ng5 Bg7 11. Nxe6 fxe6 1/2-1/2

[Event "FRA-chT Top 12 2019"]
[Site "Brest"]
[Date "2019.05.26"]
[Round "9.8"]
[White "Leconte, Maria"]
[Black "Bolon, Karelle"]
[Result "1/2-1/2"]
[ECO "B40"]
[WhiteElo "2246"]
[BlackElo "2018"]
[Annotator "NA"]
[PlyCount "84"]
[EventDate "2019.05.18"]
[EventType "team-tourn"]
[EventCountry "FRA"]
[SourceTitle "playchess.com"]
[Source "ChessBase"]
[SourceQuality "1"]
[TimeControl "40/5400+30:1800+30"]

1. e4 c5 2. Nf3 e6 3. d4 cxd4 4. Nxd4 Nf6 5. Nc3 Bb4 6. e5 Nd5 7. Bd2 Nxc3 8. bxc3 Be7 9. Qg4 g6 10. Bd3 Qa5 11. Qg3 Nc6 12. Nb5 a6 13. c4 Nb4 14. Nd6+ Bxd6 15. exd6 Nxd3+ 16. cxd3 Qf5 17. O-O b5 18. Rfe1 h5 19. Bc3 h4 20. Qe3 Rh5 21. h3 Bb7 22. f4 f6 23. Bd4 Kf7 24. Rac1 g5 25. Rf1 g4 26. cxb5 axb5 27. Rc7 Bc6 28. Rc1 Kg6 29. R7xc6 dxc6 30. Rc5 e5 31. fxe5 gxh3 32. e6 Qg4 33. Qe4+ Qxe4 34. dxe4 Rh7 35. gxh3 Re8 36. e7 Kf7 37. d7 Rg8+ 38. Kf2 Kxe7 39. Rxc6 Kxd7 40. Rxf6 Ra8 41. Rb6 Rf7+ 42. Bf6 Kc7 1/2-1/2

[Event "FRA-chT Top 12 2019"]
[Site "Brest"]
[Date "2019.05.26"]
[Round "9.8"]
[White "Monpeurt, Cyrielle"]
[Black "Verot, Melanie"]
[Result "1-0"]
[ECO "B34"]
[WhiteElo "2166"]
[BlackElo "2069"]
[Annotator "NA"]
[PlyCount "43"]
[EventDate "2019.05.18"]
[EventType "team-tourn"]
[EventCountry "FRA"]
[SourceTitle "playchess.com"]
[Source "ChessBase"]
[SourceQuality "1"]
[TimeControl "40/5400+30:1800+30"]

1. e4 c5 2. Nf3 Nc6 3. d4 cxd4 4. Nxd4 g6 5. Nc3 Bg7 6. Be3 Nf6 7. Nxc6 bxc6 8. e5 Ng8 9. Bd4 f6 10. f4 Qa5 11. Qd2 fxe5 12. fxe5 Bxe5 13. O-O-O Bxd4 14. Qxd4 Nf6 15. Re1 Qg5+ 16. Kb1 c5 17. Qd6 O-O 18. Rxe7 Qg4 19. Ne4 Nxe4 20. Bc4+ Kh8 21. Qe5+ Nf6 22. Re8 1-0

[Event "FRA-chT Top 12 2019"]
[Site "Brest"]
[Date "2019.05.26"]
[Round "9.8"]
[White "Steil-Antoni, Fiona"]
[Black "Harutyunyan, Ruben"]
[Result "1/2-1/2"]
[ECO "B22"]
[WhiteElo "2156"]
[BlackElo "2315"]
[Annotator "NA"]
[PlyCount "125"]
[EventDate "2019.05.18"]
[EventType "team-tourn"]
[EventCountry "FRA"]
[SourceTitle "playchess.com"]
[Source "ChessBase"]
[SourceQuality "1"]
[TimeControl "40/5400+30:1800+30"]

1. e4 c5 2. c3 Nf6 3. e5 Nd5 4. d4 cxd4 5. cxd4 d6 6. Nf3 Nc6 7. Bc4 dxe5 8. dxe5 Ndb4 9. Qxd8+ Nxd8 10. Na3 a6 11. O-O e6 12. Be3 Bd7 13. Rfd1 Be7 14. Bb3 b5 15. Rac1 Bc6 16. Nb1 O-O 17. Nc3 Bxf3 18. gxf3 Ndc6 19. f4 Na5 20. Rd7 Nxb3 21. axb3 Rfe8 22. Ne4 Nd5 23. Rc6 Rec8 24. Rxc8+ Rxc8 25. Nc3 Rc7 26. Rxc7 Nxc7 27. Bb6 Na8 28. Ba5 Kf8 29. Kg2 Ke8 30. Kf3 Kd7 31. Ke4 g6 32. Kd4 Kc6 33. Ne4 h6 34. b4 Bh4 35. Ke3 Kd5 36. Nc5 Be7 37. Nxa6 Kc4 38. Kd2 g5 39. fxg5 hxg5 40. Nb8 Kd5 41. Nd7 Ke4 42. Ke2 g4 43. Nf6+ Kf4 44. Kf1 Kf3 45. b3 Bf8 46. Ne8 Bh6 47. Nd6 Bf4 48. Nxf7 Bxh2 49. Ng5+ Kf4 50. Kg2 Kxg5 51. Kxh2 Kf4 52. Kg2 Kxe5 53. Kg3 Kf5 54. f3 gxf3 55. Kxf3 Ke5 56. Ke3 Kd5 57. Kd3 Kc6 58. Kd4 Kd6 59. Bd8 Kd7 60. Ba5 Kd6 61. Bd8 Kd7 62. Ba5 Kd6 63. Ke4 {Ke5+} 1/2-1/2

[Event "FRA-chT Top 12 2019"]
[Site "Brest"]
[Date "2019.05.26"]
[Round "9.8"]
[White "De Seroux, Camille"]
[Black "Haussernot, Cecile"]
[Result "0-1"]
[ECO "D00"]
[WhiteElo "2143"]
[BlackElo "2097"]
[Annotator "NA"]
[PlyCount "88"]
[EventDate "2019.05.18"]
[EventType "team-tourn"]
[EventCountry "FRA"]
[SourceTitle "playchess.com"]
[Source "ChessBase"]
[SourceQuality "1"]
[TimeControl "40/5400+30:1800+30"]

1. d4 d5 2. Bf4 c5 3. e3 Nf6 4. c3 Qb6 5. Qb3 c4 6. Qxb6 axb6 7. Na3 Nc6 8. Nf3 Bf5 9. Be2 Ra5 10. Bc7 Kd7 11. Bxb6 Ra6 12. Bc5 Ne4 13. O-O e6 14. Bxf8 Rxf8 15. Nb1 Rb6 16. b3 cxb3 17. axb3 Rxb3 18. c4 Rb2 19. cxd5 exd5 20. Bd3 Nb4 21. Ne5+ Ke6 22. f3 Nd6 23. Bxf5+ Nxf5 24. Re1 Nc2 25. Re2 Rc8 26. Na3 Rc3 27. Nxc2 Rcxc2 28. Rxc2 Rxc2 29. Rb1 Nxe3 30. Nd3 Rxg2+ 31. Kh1 Rd2 32. Nc5+ Kf5 33. Nxb7 Kf4 34. Nd6 f5 35. Ne8 g5 36. Nf6 h6 37. Kg1 Kxf3 38. Ng8 h5 39. h3 Kg3 40. Nf6 h4 41. Re1 f4 42. Kh1 f3 43. Ng4 Nxg4 44. hxg4 Rh2+ 0-1

[Event "FRA-chT Top 12 2019"]
[Site "Brest"]
[Date "2019.05.26"]
[Round "9.8"]
[White "Fruteau, Sabine"]
[Black "Skripchenko, Almira"]
[Result "0-1"]
[ECO "A01"]
[WhiteElo "2015"]
[BlackElo "2406"]
[Annotator "NA"]
[PlyCount "66"]
[EventDate "2019.05.18"]
[EventType "team-tourn"]
[EventCountry "FRA"]
[SourceTitle "playchess.com"]
[Source "ChessBase"]
[SourceQuality "1"]
[TimeControl "40/5400+30:1800+30"]

1. b3 c5 2. c4 Nf6 3. Bb2 b6 4. Nf3 Bb7 5. e3 e6 6. Be2 Be7 7. O-O O-O 8. d3 d5 9. Nbd2 Nbd7 10. a3 Bd6 11. Qc2 Qe7 12. Rfe1 Rac8 13. Rac1 Bb8 14. Nf1 e5 15. Ng3 Rfe8 16. e4 d4 17. Rb1 Nf8 18. Bc1 N6d7 19. Nf5 Qd8 20. Bf1 Ne6 21. b4 g6 22. Ng3 Bd6 23. Nd2 Rf8 24. Nf3 f5 25. Bh6 Rf7 26. bxc5 Rxc5 27. exf5 gxf5 28. Bd2 Bxf3 29. gxf3 Qh4 30. Bb4 Rc6 31. Bxd6 Rxd6 32. c5 Nexc5 33. f4 exf4 0-1

[Event "FRA-chT Top 12 2019"]
[Site "Brest"]
[Date "2019.05.27"]
[Round "10.1"]
[White "Donchenko, Alexander"]
[Black "Oleksiyenko, Mykhaylo"]
[Result "1/2-1/2"]
[ECO "A13"]
[WhiteElo "2595"]
[BlackElo "2595"]
[Annotator "ChessBase"]
[PlyCount "97"]
[EventDate "2019.05.18"]
[EventType "team-tourn"]
[EventCountry "FRA"]
[SourceTitle "playchess.com"]
[Source "ChessBase"]
[SourceQuality "1"]
[TimeControl "40/5400+30:1800+30"]

1. c4 e6 2. g3 Nf6 3. Bg2 d5 4. Nf3 d4 5. d3 c5 6. e4 Nc6 7. e5 Nd7 8. Bf4 Qc7 9. Nbd2 Ne7 10. Ne4 Ng6 11. Qd2 Be7 12. O-O O-O 13. Rfe1 a5 14. Bg5 h6 15. Bf4 Ra6 16. h4 Nxf4 17. Qxf4 f5 18. exf6 Qxf4 19. gxf4 Nxf6 20. Ne5 Kh7 21. Ng3 Bd6 22. Re2 a4 23. Rae1 Rb6 24. Bh3 Ne8 25. h5 Bxe5 26. fxe5 Rc6 27. Rf1 Rf4 28. Re4 Rf3 29. Bg2 Rf8 30. f4 Rc7 31. Re2 Kg8 32. Be4 Bd7 33. Bg6 Bc6 34. f5 Re7 35. f6 gxf6 36. exf6 Rxf6 37. Rxf6 Nxf6 38. Nf5 Kf8 39. Nxe7 Kxe7 40. Bf5 Bd7 41. Be4 b5 42. b3 axb3 43. axb3 bxc4 44. bxc4 Nxh5 45. Rh2 Nf6 46. Rxh6 Nxe4 47. dxe4 Ba4 48. Kf2 Bb3 49. e5 1/2-1/2

[Event "FRA-chT Top 12 2019"]
[Site "Brest"]
[Date "2019.05.27"]
[Round "10.1"]
[White "Fedorov, Alexei"]
[Black "Nihal Sarin"]
[Result "1/2-1/2"]
[ECO "B23"]
[WhiteElo "2566"]
[BlackElo "2598"]
[Annotator "ChessBase"]
[PlyCount "42"]
[EventDate "2019.05.18"]
[EventType "team-tourn"]
[EventCountry "FRA"]
[SourceTitle "playchess.com"]
[Source "ChessBase"]
[SourceQuality "1"]
[TimeControl "40/5400+30:1800+30"]

1. e4 c5 2. Ne2 Nc6 3. Nbc3 Nf6 4. g3 d5 5. exd5 Nxd5 6. Bg2 Nxc3 7. Nxc3 h5 8. d3 Bg4 9. Bxc6+ bxc6 10. f3 Bf5 11. Be3 Rb8 12. b3 g6 13. Na4 Bg7 14. Rc1 Bd4 15. Qd2 Qd5 16. Kf2 O-O 17. Rhe1 Rfe8 18. Rcd1 Rbd8 19. Qa5 c4 20. Qxd5 Bxe3+ 21. Kxe3 cxd5 {[%emt 0:00:06] Ke4} 1/2-1/2

[Event "FRA-chT Top 12 2019"]
[Site "Brest"]
[Date "2019.05.27"]
[Round "10.1"]
[White "Velten, Paul"]
[Black "Tabatabaei, M.amin"]
[Result "1/2-1/2"]
[ECO "D37"]
[WhiteElo "2507"]
[BlackElo "2610"]
[Annotator "RC"]
[PlyCount "268"]
[EventDate "2019.05.18"]
[EventType "team-tourn"]
[EventCountry "FRA"]
[SourceTitle "playchess.com"]
[Source "ChessBase"]
[SourceQuality "1"]
[TimeControl "40/5400+30:1800+30"]

1. d4 Nf6 2. c4 e6 3. Nf3 d5 4. Nc3 dxc4 5. e4 b5 6. e5 Nd5 7. Nxb5 Nb6 8. Be2 Be7 9. O-O Nc6 10. Be3 O-O 11. a4 Na5 12. Nd2 Bb7 13. Qc2 Qd7 14. Rfc1 Rfc8 15. Rd1 h6 16. Na3 Bd5 17. Ndxc4 Naxc4 18. Nxc4 Qc6 19. Rdc1 Nxc4 20. Bxc4 Bxg2 21. Bf1 Qxc2 22. Rxc2 Be4 23. Rc3 Rab8 24. Ba6 Bb7 25. Bd3 Bb4 26. Rc2 Ba5 27. Rac1 Rd8 28. b4 Bxb4 29. Rxc7 Ba5 30. R7c2 Bb6 31. Rb2 Bf3 32. h3 f6 33. exf6 gxf6 34. a5 Bxa5 35. Rxb8 Rxb8 36. d5 Bxd5 37. Bxa7 Rb3 38. Bf1 Rb7 39. Rc8+ Kg7 40. Be3 Rb1 41. Rc1 Rxc1 42. Bxc1 Bb6 43. Bb5 h5 44. Kf1 h4 45. Bd3 Bd4 46. Ba3 Be5 47. Bc1 Bd6 48. Be3 Bf3 49. Be2 Be4 50. f3 Bf5 51. Kg2 Bg3 52. Bb5 e5 53. Bc6 Be6 54. Bd2 Kg6 55. Be8+ Kf5 56. Bc6 Bc8 57. Bd5 Bd7 58. Be3 Kg6 59. Bd2 Bb5 60. Be3 f5 61. Bd2 Kf6 62. Ba5 Ke7 63. Bb4+ Kd7 64. Ba3 Be1 65. Bf8 Bd3 66. Ba3 Ba5 67. Bc5 Bc7 68. Bb4 Bd8 69. Ba3 Be7 70. Bb2 Bd6 71. Bc3 Bc7 72. Bb4 Bc2 73. Kf1 Ba4 74. Kg2 Bb5 75. Bc5 Bd6 76. Bf2 Be7 77. Be1 Bf6 78. Bb4 Ba6 79. Ba3 Bd3 80. Bb4 Bg5 81. Bc5 Be7 82. Ba7 Kd6 83. Bb7 Bf6 84. Kf2 Bb1 85. Bb6 Bg5 86. Ba7 Bf4 87. Kg2 Bg3 88. Be3 Bd3 89. Ba7 Bc2 90. Be3 Bb3 91. Bc8 Bc2 92. Bb7 Ke6 93. Bc5 Ba4 94. Bb4 Bd7 95. Bc5 Be1 96. Ba3 Ba5 97. Bc5 Bd8 98. Bb4 Bg5 99. Bc5 Be7 100. Ba7 f4 101. Be4 Bb5 102. Bb6 Kd6 103. Ba7 Bd8 104. Bf2 Bc4 105. Kg1 Be7 106. Kg2 Kc7 107. Kg1 Be6 108. Kg2 Bd7 109. Ba8 Bf5 110. Bd5 Kd6 111. Bb7 Bd8 112. Ba8 Ke6 113. Bc6 Bc2 114. Bb7 Be7 115. Bc6 Kf5 116. Bd7+ Kg5 117. Bc6 Bg6 118. Bd5 Bb4 119. Bb6 Kf6 120. Bf2 Kg5 121. Bb6 Be7 122. Bf2 Bc2 123. Bc6 Bd8 124. Bb7 Kg6 125. Be4+ Bxe4 126. fxe4 Kg5 127. Be1 Bb6 128. Kf3 Bd4 129. Ba5 Kh5 130. Bd8 Bb2 131. Bc7 Bc3 132. Bd8 Be1 133. Bc7 Bc3 134. Bd8 Be1 1/2-1/2

[Event "FRA-chT Top 12 2019"]
[Site "Brest"]
[Date "2019.05.27"]
[Round "10.1"]
[White "Villegas, Pierre"]
[Black "Lagarde, Maxime"]
[Result "0-1"]
[ECO "A58"]
[WhiteElo "2354"]
[BlackElo "2600"]
[Annotator "RC"]
[PlyCount "120"]
[EventDate "2019.05.18"]
[EventType "team-tourn"]
[EventCountry "FRA"]
[SourceTitle "playchess.com"]
[Source "ChessBase"]
[SourceQuality "1"]
[TimeControl "40/5400+30:1800+30"]

1. d4 Nf6 2. c4 c5 3. d5 b5 4. cxb5 a6 5. bxa6 g6 6. Nc3 Bg7 7. e4 O-O 8. Nf3 d6 9. Be2 Qa5 10. O-O Bxa6 11. Re1 Nbd7 12. h3 Nb6 13. e5 Nfd7 14. exd6 exd6 15. Bf4 Rfe8 16. Bxa6 Qxa6 17. Rxe8+ Rxe8 18. Bxd6 Nc4 19. Qd3 Ra8 20. Bf4 Nxb2 21. Qxa6 Rxa6 22. Bd2 Nc4 23. Rc1 f5 24. Be1 Nb2 25. Rc2 Nd3 26. Ne2 Rb6 27. Nc1 Nf4 28. Bd2 Nxd5 29. Nd3 Rb1+ 30. Kh2 Bf8 31. g3 Bd6 32. Kg2 Rb7 33. Bc1 Ra7 34. Nd2 Ra4 35. Nc4 Bf8 36. Kf3 Bg7 37. a3 Nc3 38. Ndb2 Ra6 39. Nd3 Nb5 40. Bb2 Nd4+ 41. Bxd4 Bxd4 42. Ke2 Kf7 43. h4 h6 44. Ra2 g5 45. hxg5 hxg5 46. f4 g4 47. Nde5+ Nxe5 48. fxe5 Rh6 49. Kf1 Rh1+ 50. Kg2 Rg1+ 51. Kh2 Rc1 52. Nd6+ Ke6 53. Nb5 Bxe5 54. a4 c4 55. a5 c3 56. a6 c2 57. a7 Rh1+ 58. Kxh1 c1=Q+ 59. Kh2 Qh6+ 60. Kg1 Qe3+ 0-1

[Event "FRA-chT Top 12 2019"]
[Site "Brest"]
[Date "2019.05.27"]
[Round "10.2"]
[White "Praggnanandhaa R"]
[Black "Chabanon, Jean-Luc"]
[Result "1/2-1/2"]
[ECO "A06"]
[WhiteElo "2536"]
[BlackElo "2437"]
[Annotator "ChessBase"]
[PlyCount "104"]
[EventDate "2019.05.18"]
[EventType "team-tourn"]
[EventCountry "FRA"]
[SourceTitle "playchess.com"]
[Source "ChessBase"]
[SourceQuality "1"]
[TimeControl "40/5400+30:1800+30"]

1. Nf3 d5 2. g3 c6 3. Bg2 Bg4 4. h3 Bh5 5. O-O Nd7 6. d3 e5 7. e4 dxe4 8. dxe4 Bc5 9. Qe1 Ne7 10. Nbd2 f6 11. a4 Bf7 12. Qe2 Qc7 13. Nc4 Nb6 14. Ne3 a5 15. b3 O-O 16. Bb2 Rad8 17. Kh1 Nbc8 18. Rad1 Rxd1 19. Rxd1 Rd8 20. Rxd8+ Qxd8 21. Ne1 Bd4 22. Qd2 Bb6 23. Nd3 Nd6 24. Ba3 Ndc8 25. Qe2 Bd4 26. f4 b5 27. fxe5 fxe5 28. Ng4 b4 29. Bc1 Qd6 30. Be3 Ng6 31. h4 h5 32. Nh2 c5 33. Bxd4 Qxd4 34. Nf3 Qa1+ 35. Kh2 c4 36. bxc4 Bxc4 37. Ng5 Qxa4 38. Qxh5 Nce7 39. Nc5 Qc6 40. Bh3 Nf8 41. Nce6 Neg6 42. Bf5 Qd6 43. Bxg6 Qd2+ 44. Kh1 Qc1+ 45. Kh2 Qxc2+ 46. Kh1 Qc1+ 47. Kh2 Qc2+ 48. Kh1 Qc1+ 49. Kh2 Qd2+ 50. Kh1 Qe1+ 51. Kh2 Qf2+ 52. Kh1 Qe1+ 1/2-1/2

[Event "FRA-chT Top 12 2019"]
[Site "Brest"]
[Date "2019.05.27"]
[Round "10.2"]
[White "Wirig, Anthony"]
[Black "Solodovnichenko, Yuri"]
[Result "1/2-1/2"]
[ECO "A30"]
[WhiteElo "2516"]
[BlackElo "2572"]
[Annotator "ChessBase"]
[PlyCount "45"]
[EventDate "2019.05.18"]
[EventType "team-tourn"]
[EventCountry "FRA"]
[SourceTitle "playchess.com"]
[Source "ChessBase"]
[SourceQuality "1"]
[TimeControl "40/5400+30:1800+30"]

1. Nf3 Nf6 2. c4 c5 3. Nc3 e6 4. g3 b6 5. Bg2 Bb7 6. O-O Be7 7. d4 cxd4 8. Qxd4 O-O 9. Bf4 Nc6 10. Qd1 Na5 11. b3 d5 12. cxd5 Nxd5 13. Nxd5 Qxd5 14. Rc1 Rac8 15. Qxd5 Bxd5 16. Rxc8 Rxc8 17. Rc1 Rxc1+ 18. Bxc1 Nc6 19. Ne1 Nb4 20. Ba3 Kf8 21. Bxb4 Bxb4 22. Bxd5 Bxe1 23. Bc4 1/2-1/2

[Event "FRA-chT Top 12 2019"]
[Site "Brest"]
[Date "2019.05.27"]
[Round "10.3"]
[White "Kosten, Anthony C."]
[Black "Stevic, Hrvoje"]
[Result "0-1"]
[ECO "A09"]
[WhiteElo "2419"]
[BlackElo "2580"]
[Annotator "ChessBase"]
[PlyCount "66"]
[EventDate "2019.05.18"]
[EventType "team-tourn"]
[EventCountry "FRA"]
[SourceTitle "playchess.com"]
[Source "ChessBase"]
[SourceQuality "1"]
[TimeControl "40/5400+30:1800+30"]

1. Nf3 d5 2. c4 dxc4 3. e4 Bg4 4. Bxc4 e6 5. O-O Nf6 6. e5 Nd5 7. Qa4+ Qd7 8. Bb5 c6 9. Qxg4 cxb5 10. Nc3 b4 11. Ne4 Nc6 12. d4 f5 13. exf6 gxf6 14. Re1 O-O-O 15. Ng3 f5 16. Qh4 Bd6 17. Bg5 Rdg8 18. Nh5 h6 19. Bf6 Rg4 20. Qh3 Rhg8 21. g3 Qf7 22. Be5 Bxe5 23. dxe5 f4 24. Rf1 Qf5 25. Kh1 Qe4 26. Qg2 Nxe5 27. Nxe5 Qxe5 28. f3 R4g5 29. Qc2+ Kb8 30. gxf4 Nxf4 31. Rae1 Qd4 32. Nxf4 Qxf4 33. Qe4 Qxh2+ 0-1

[Event "FRA-chT Top 12 2019"]
[Site "Brest"]
[Date "2019.05.27"]
[Round "10.3"]
[White "Lefebvre, Herve"]
[Black "Istratescu, Andrei"]
[Result "0-1"]
[ECO "A20"]
[WhiteElo "2291"]
[BlackElo "2555"]
[Annotator "ChessBase"]
[PlyCount "70"]
[EventDate "2019.05.18"]
[EventType "team-tourn"]
[EventCountry "FRA"]
[SourceTitle "playchess.com"]
[Source "ChessBase"]
[SourceQuality "1"]
[TimeControl "40/5400+30:1800+30"]

1. c4 e5 2. g3 d6 3. Bg2 g6 4. Nc3 Bg7 5. Nf3 f5 6. d4 e4 7. Ng5 h6 8. Nh3 g5 9. f3 exf3 10. exf3 Nf6 11. O-O O-O 12. f4 g4 13. Nf2 c6 14. Re1 Re8 15. Rxe8+ Nxe8 16. Be3 Na6 17. Qd2 Nac7 18. b4 d5 19. c5 Nf6 20. Nd3 Ne4 21. Qb2 Be6 22. a4 a6 23. Ne5 h5 24. Bf1 h4 25. Nxe4 dxe4 26. Rd1 Bf6 27. b5 axb5 28. axb5 Ra2 29. Qb1 Qa8 30. bxc6 bxc6 31. Bc4 Bxc4 32. Nxc4 h3 33. Qb3 Kg7 34. Rb1 Nd5 35. Nb6 Qa6 0-1

[Event "FRA-chT Top 12 2019"]
[Site "Brest"]
[Date "2019.05.27"]
[Round "10.4"]
[White "Hamdouchi, Hicham"]
[Black "Feller, Sebastien"]
[Result "0-1"]
[ECO "C65"]
[WhiteElo "2584"]
[BlackElo "2587"]
[Annotator "ChessBase"]
[PlyCount "80"]
[EventDate "2019.05.18"]
[EventType "team-tourn"]
[EventCountry "FRA"]
[SourceTitle "playchess.com"]
[Source "ChessBase"]
[SourceQuality "1"]
[TimeControl "40/5400+30:1800+30"]

1. e4 e5 2. Nf3 Nc6 3. Bb5 Nf6 4. d3 Bc5 5. Bxc6 dxc6 6. h3 O-O 7. Be3 Bd6 8. Nc3 Nd7 9. O-O Re8 10. d4 exd4 11. Bxd4 Bb4 12. a3 Bf8 13. Re1 Nc5 14. Be5 Qe7 15. Bg3 a5 16. Qd2 Ne6 17. Rad1 b5 18. Bh4 Qd6 19. Qc1 Qf4 20. Qxf4 Nxf4 21. Bg3 Ne6 22. Nb1 Bb7 23. c3 c5 24. Nbd2 c4 25. Nd4 Nxd4 26. cxd4 c6 27. Bc7 Rec8 28. Bb6 c5 29. dxc5 Bxc5 30. Bxc5 Rxc5 31. Rc1 Rc7 32. a4 Rd8 33. Rc2 c3 34. bxc3 b4 35. Nb3 Ba6 36. Nxa5 bxc3 37. f3 Rb8 38. Rd1 g6 39. Rd6 Rb2 40. Rc1 c2 0-1